 Dungeon Crawl Stone Soup version 0.23.1 (webtiles) character file.

Game seed: 3649856349063121429

2847 Charmandara the Spear-Bearer (level 9, -1/76 HPs)
             Began as a Yellow Draconian Fighter on Mar 3, 2019.
             Was a Plaything of Xom.
             Slain by Harold
             ... wielding a +2 glaive of flaming
              (4 damage)
             ... on level 7 of the Dungeon.
             The game lasted 00:19:06 (5872 turns).

Charmandara the Spear-Bearer (DrFi)                 Turns: 5872, Time: 00:19:07

Health: -1/76      AC:  8    Str: 19    XL:     9   Next: 46%
Magic:  0/9        EV: 14    Int: 11    God:    Xom [*.....]
Gold:   414        SH: 12    Dex: 11    Spells: 6/8 levels left

rFire    . . .     SeeInvis .   a - +1 trident
rCold    . . .     Gourm    .   b - +0 shield
rNeg     . . .     Faith    .   (armour unavailable)
rPois    +         Spirit   +   (helmet restricted)
rElec    .         Reflect  +   r - scarf {Spirit}
rCorr    +         Harm     .   (no gloves)
MR       +....                  E - +0 pair of boots (curse)
Stlth    +.........             Q - +3 amulet of reflection
HPRegen  0.22/turn              k - ring of protection from magic {MR+, !d}
MPRegen  0.11/turn              J - +4 ring of evasion

@: short of breath
A: spit acid, unfitting armour, horns 1, talons 1, frail 1, poison resistance,
cold-blooded, acid resistance, AC +7
a: Breathe Acid, Renounce Religion


You were on level 7 of the Dungeon.
You worshipped Xom.
You were a special plaything of Xom.
You were not hungry.

You visited 2 branches of the dungeon, and saw 8 of its levels.

You collected 414 gold pieces.

Inventory:

Hand Weapons
 a - a +1 trident (weapon)
 x - a cursed +0 trident
   (You took it off an orc warrior on level 6 of the Dungeon)
Missiles
 g - 5 tomahawks of returning
 o - 101 arrows
 p - 221 stones (quivered)
 C - 50 bolts
 F - 7 needles of sleeping
 G - 10 poisoned needles
 I - 45 sling bullets
Armour
 b - a +0 shield (worn)
 r - a scarf of spirit shield (worn)
   (You found it on level 5 of the Dungeon)
 E - a cursed +0 pair of boots (worn)
   (You found it on level 5 of the Dungeon)
 K - a +2 cloak
   (You took it off Crazy Yiuf on level 5 of the Dungeon)
Jewellery
 e - an uncursed ring of ice {rC+, rF-}
   (You found it on level 4 of the Dungeon)
 i - a +3 ring of evasion
   (You found it on level 7 of the Dungeon)
 k - a ring of protection from magic (left hand) {MR+, !d}
   (You found it on level 1 of the Dungeon)
 A - an uncursed ring of teleportation {+/*tele, !d}
   (You found it on level 4 of the Dungeon)
 J - a +4 ring of evasion (right hand)
   (You found it on level 5 of the Dungeon)
 N - a +2 ring of intelligence
   (You found it on level 6 of the Dungeon)
 P - the ring of Ybbil {Fire Str+4}
   (You found it on level 6 of the Dungeon)

   [ring of fire]

   It enhances your fire magic.
   It affects your strength (+4).
   It protects you from fire.
   It makes you vulnerable to cold.
 Q - a +3 amulet of reflection (around neck)
   (You found it on level 6 of the Dungeon)
Wands
 w - a wand of disintegration (4)
   (You took it off Pikel on level 4 of the Dungeon)
 L - a wand of flame (4)
   (You found it on level 5 of the Dungeon)
 O - a wand of polymorph (4)
   (You found it on level 6 of the Dungeon)
Scrolls
 f - 3 scrolls of blinking {!r}
 l - 3 scrolls of enchant armour
 n - a scroll of amnesia
 q - a scroll of fear
 s - a scroll of fog
 t - a scroll of teleportation
 y - 2 scrolls of remove curse
 H - a scroll of vulnerability {!r!r}
 S - a scroll of magic mapping {!r}
Potions
 c - a potion of might
 h - a potion of lignification {!q}
 j - 5 potions of curing
 m - 2 potions of cancellation
 u - a potion of brilliance
 v - 3 potions of flight
 B - a potion of ambrosia
Comestibles
 d - 11 rations
 R - 5 chunks of flesh {@w0}


   Skills:
 - Level 9.7 Fighting
 + Level 10.3 Polearms
 - Level 2.6 Dodging
 + Level 3.0 Shields


You had 6 spell levels left.
You knew the following spells:

 Your Spells              Type           Power        Failure   Level  Hunger
g - Apportation           Tloc           #.....       86%         1    ##.....
A - Animate Skeleton      Necr           N/A          86%         1    ##.....

Your spell library contained the following spells:

 Spells                   Type           Power        Failure   Level  Hunger
 Confusing Touch          Hex            #.....       86%         1    ##.....
 Summon Small Mammal      Summ           #...         86%         1    ##.....


Dungeon Overview and Level Annotations

Branches:
Dungeon (7/15)             Temple (1/1) D:5

Altars:
Ashenzari
Cheibriados
Dithmenos
Elyvilon
Fedhas
Gozag
Hepliaklqana
Kikubaaqudgha
Okawaru
Ru
Sif Muna
Trog
Uskayaw
Wu Jian
Xom
Yredelemnul
Zin

Shops:
D:7 *

Annotations:
D:7 Harold


Innate Abilities, Weirdness & Mutations

You can spit globs of acid.
Your golden yellow scales are hard. (AC +7)
You cannot fit into any form of body armour.
You are cold-blooded and may be slowed by cold attacks.
You are resistant to acid. (rCorr)
You have a pair of small horns on your head.
You have sharp toenails.
You are frail. (-10% HP)
Your system is resistant to poisons. (rPois)


Message History

You take 8 damage, and have 59/75 hp.
You now have 8/9 mp.
You puncture the ogre!
You kill the ogre!
Things that are here:
a +0 giant club; an ogre corpse
S - a scroll labeled QOFEGI USADUSA There isn't anything here!
Things that are here:
a +0 giant club; an ogre corpse You butcher the ogre corpse.
R - 9 chunks of flesh {@w0} (gained 5)
Things that are here:
a +0 giant club; an ogre skeleton MP restored: 9
As you read the scroll labeled QOAH KAWNUM, it crumbles to dust.
The scroll dissolves into smoke.
It was a scroll of fog.
As you read the scroll labeled ZYSE VATHUI, it crumbles to dust.
You hear a loud clanging noise!
It was a scroll of noise.
You hear an angry hiss.
You hear a shout!
You hear an angry hiss.
As you read the scroll of identify, it crumbles to dust.
u - a potion of brilliance
As you read the scroll of identify, it crumbles to dust.
H - a scroll of vulnerability
As you read the scroll of identify, it crumbles to dust.
M - a scroll of random uselessness
Okay, then.
Drop what? 44/52 slots (_ for help) (? for menu, Esc to quit)
You drop a scroll of random uselessness.
As you read the scroll of identify, it crumbles to dust.
S - a scroll of magic mapping
As you read the scroll labeled WOUKHLE AMN, it crumbles to dust.
It is a scroll of enchant weapon.
Your +0 trident glows red for a moment.
Okay, then.
Put on which piece of jewellery? (? for menu, Esc to quit)
Q - a +3 amulet of reflection (around neck)
An adder comes into view.
The adder hisses angrily.
The adder misses you.
You completely miss the adder. You block the adder's attack.
You closely miss the adder. The adder closely misses you.
The adder bites you but does no damage.
You closely miss the adder. You block the adder's attack.
You hit the adder but do no damage. Your headbutt misses the adder.
The adder misses you.
You puncture the adder! The adder bites you but does no damage.
You closely miss the adder. Your headbutt misses the adder.
Your tail-slap misses the adder.
The adder bites you but does no damage. You block the adder's attack.
You puncture the adder!
You kill the adder!
Found Dageih's Assorted Antiques.
Harold the Weathered comes into view.
He is wielding a +2 glaive of flaming and wearing a +1 chain mail of cold resistance.
You see here a ring of evasion.
i - a ring of evasion Harold shouts!
Okay, then.
Harold throws a throwing net.
The throwing net misses you.
You see here a throwing net {=f, !d}.
You block Harold's attack.
Aim: Harold, wielding a +2 glaive of flaming and wearing a +1 chain mail of cold resistance You spit a glob of acid.
The glob of acid hits Harold!
Harold is splashed with acid.
The acid corrodes Harold!
Harold is splashed with acid.
The acid corrodes Harold!
You feel somewhat more hungry.
Your shield prevents you from hitting Harold.
You headbutt Harold, but do no damage. Harold gestures at you while chanting.
You barely resist. You barely miss Harold. You headbutt Harold!
You block Harold's attack.
You hit Harold.
Harold hits you with a +2 glaive of flaming!
Harold burns you.
You take 17 damage, and have 54/76 hp.
MASSIVE DAMAGE!!
You now have 8/9 mp.
You hit Harold. You barely miss Harold. You headbutt Harold.
Harold hits you with a +2 glaive of flaming!
Harold burns you.
You take 14 damage, and have 41/76 hp.
You now have 7/9 mp.
You puncture Harold! You tail-slap Harold! You hit Harold.
You headbutt Harold, but do no damage. You tail-slap Harold.
Harold barely misses you.
You barely miss Harold. You headbutt Harold.
Harold hits you with a +2 glaive of flaming!!
* * * LOW HITPOINT WARNING * * *
Harold burns you!
* * * LOW HITPOINT WARNING * * *
Some of the chunks of flesh in your inventory have rotted away.
You take 30 damage, and have 11/76 hp.
MASSIVE DAMAGE!!
You now have 2/9 mp.
You feel better.
Harold hits you with a +2 glaive of flaming!
* * * LOW HITPOINT WARNING * * *
Harold burns you.
You die...
Xom is highly amused!

#@.##.##.##...
###.8.∩.8....##
.............(
#...8.......
####.......#.#
.............#
##.......###
####@#### ##.@.#
####..###
###########....###
.....................
....§.....###########
....§§....#
....§§§§..#
...§§§.§..#
...§§§§§.##


You could see Harold.

Vanquished Creatures
  Pikel (D:4)
  2 orc warriors (D:6)
  2 ice beasts (D:6)
  A sky beast (D:5)
  2 phantoms
  3 ogres
  3 centaurs
  Blork the orc (D:5)
  A bullfrog (D:6)
  A scorpion (D:4)
  A howler monkey (D:5)
  A crimson imp (D:6)
  3 bullfrog zombies
  A centaur zombie (D:4)
  Crazy Yiuf (D:5)
  3 orc priests
  5 hounds
  6 orc wizards
  A bullfrog skeleton (D:6)
  3 iguanas
  3 worker ants
  Terence (D:3)
  2 hound zombies (D:4)
  2 gnolls
  7 adders
  3 shadow imps (D:5)
  An adder zombie (D:4)
  5 oozes
  An adder skeleton (D:6)
  4 worms
  2 dart slugs
  4 leopard geckos
  22 orcs
  9 giant cockroaches
  10 goblins
  10 hobgoblins
  10 jackals
  6 kobolds
  4 quokkas
  3 bats
  7 frilled lizards
  A giant cockroach zombie (D:4)
  2 jackal skeletons
  A jackal zombie (D:4)
  2 leopard gecko zombies
  7 rats
171 creatures vanquished.

Vanquished Creatures (others)
  A giant cockroach zombie (D:4)
1 creature vanquished.

Grand Total: 172 creatures vanquished

Notes
Turn   | Place    | Note
-------+----------+-------------------------------------------
     0 | D:1      | Charmandara the Draconian Fighter began the quest for the
                  | Orb.
     0 | D:1      | Reached XP level 1. HP: 19/19 MP: 1/1
    73 | D:1      | Reached XP level 2. HP: 21/26 MP: 2/2
   105 | D:1      | Reached skill level 3 in Polearms
   241 | D:1      | Reached XP level 3. HP: 30/31 MP: 3/3
   651 | D:2      | Reached skill level 4 in Polearms
   652 | D:2      | You fall through a shaft!
   995 | D:2      | Reached XP level 4. HP: 34/38 MP: 4/4
  1444 | D:3      | Reached skill level 5 in Polearms
  1452 | D:3      | Reached XP level 5. HP: 32/45 MP: 5/5
  1642 | D:3      | Found a bloodstained altar of Trog.
  1769 | D:3      | Found a hide-covered altar of Uskayaw.
  1810 | D:3      | Noticed Terence
  1837 | D:3      | Killed Terence
  1879 | D:3      | Reached skill level 6 in Polearms
  2043 | D:3      | You fall through a shaft!
  2152 | D:4      | Reached XP level 6. HP: 34/51 MP: 6/6
  2410 | D:4      | HP: 16/78 [ogre/+0 giant spiked club (22)]
  2412 | D:4      | Reached skill level 4 in Fighting
  2843 | D:4      | Your scales start taking on a golden yellow colour.
  2843 | D:4      | Reached XP level 7. HP: 45/60 MP: 7/7
  2843 | D:4      | Gained mutation: You are resistant to acid. (rCorr) [Yellow
                  | Draconian growth]
  3064 | D:4      | Reached skill level 7 in Polearms
  3068 | D:4      | Reached skill level 5 in Fighting
  3122 | D:4      | Noticed Pikel
  3135 | D:4      | Killed Pikel
  3135 | D:4      | Reached skill level 6 in Fighting
  3135 | D:4      | Reached skill level 8 in Polearms
  3308 | D:4      | Found an opulent altar of Gozag.
  3506 | D:4      | Found a deep blue altar of Sif Muna.
  3521 | D:4      | Reached XP level 8. HP: 59/71 MP: 8/8
  3567 | D:5      | Entered Level 5 of the Dungeon
  3708 | D:5      | Learned a level 1 spell: Animate Skeleton
  3710 | D:5      | Learned a level 1 spell: Apportation
  3723 | D:5      | Found a transporter.
  3823 | D:5      | Found a staircase to the Ecumenical Temple.
  3832 | Temple   | Entered the Ecumenical Temple
  3874 | Temple   | Became a worshipper of Xom of Enforced Whimsey
  3932 | D:5      | Reached skill level 7 in Fighting
  3974 | D:5      | Found a transporter.
  4027 | D:5      | Noticed Blork the orc
  4030 | D:5      | Gained mutation: You are frail. (-10% HP) [potion of
                  | mutation]
  4030 | D:5      | Gained mutation: You have sharp toenails. [potion of
                  | mutation]
  4039 | D:5      | Killed Blork the orc
  4072 | D:5      | XOM: polymorph orc priest -> gnoll
  4091 | D:5      | Found an iron altar of Okawaru.
  4129 | D:5      | Found a sacrificial altar of Ru.
  4195 | D:5      | XOM: divination: detect items
  4244 | D:5      | XOM: cast spell 'Summon Butterflies'
  4283 | D:5      | Reached skill level 9 in Polearms
  4417 | D:5      | XOM: harmless Tmut miscast
  4454 | D:5      | Reached skill level 8 in Fighting
  4559 | D:5      | Found a runed translucent door.
  4560 | D:5      | Noticed Crazy Yiuf
  4569 | D:5      | Killed Crazy Yiuf
  4707 | D:6      | XOM: noise
  4708 | D:6      | Found a white marble altar of Elyvilon.
  4713 | D:6      | XOM: silly message
  4728 | D:6      | XOM: cast spell 'Olgreb's Toxic Radiance'
  4735 | D:6      | XOM: confuse monster(s)
  4820 | D:6      | XOM: cast spell 'Olgreb's Toxic Radiance'
  4823 | D:6      | Reached XP level 9. HP: 73/73 MP: 9/9
  4927 | D:6      | Got a twitching golden ring
  4929 | D:6      | Identified the ring of Ybbil {Fire Str+4} (You found it on
                  | level 6 of the Dungeon)
  4973 | D:6      | XOM: god gift: 17 stones
  5006 | D:6      | HP: 8/73 [orc warrior/cursed +0 trident (12)]
  5019 | D:6      | Reached skill level 9 in Fighting
  5108 | D:6      | XOM: potion effect (agility)
  5262 | D:6      | XOM: harmless Summ miscast
  5286 | D:6      | Found an ancient bone altar of Kikubaaqudgha.
  5373 | D:6      | Reached skill level 10 in Polearms
  5441 | D:6      | XOM: give mutations
  5441 | D:6      | Gained mutation: Your system is resistant to poisons.
                  | (rPois) [Xom's grace]
  5441 | D:6      | Gained mutation: You have a pair of small horns on your
                  | head. [Xom's grace]
  5545 | D:6      | XOM: god gift: 47 gold pieces
  5625 | D:6      | Found a snail-covered altar of Cheibriados.
  5676 | D:6      | Found a shadowy altar of Dithmenos.
  5730 | D:6      | Found a shadowy altar of Dithmenos.
  5848 | D:7      | Found Dageih's Assorted Antiques.
  5851 | D:7      | Noticed Harold
  5871 | D:7      | HP: 11/76 [Harold/+2 glaive of flaming (10)]
  5872 | D:7      | HP: 3/76 [Harold/+2 glaive of flaming (16)]
  5872 | D:7      | Slain by Harold

Skill      XL: |  1  2  3  4  5  6  7  8  9 |
---------------+----------------------------+-----
Polearms       | 3 4 5 6 8 9 10 | 10.3
Fighting       | 4 6 8 9 |  9.7
Dodging        | |  2.6
Shields        | |  3.0

Action                   |  1- 3 |  4- 6 |  7- 9 || total
-------------------------+-------+-------+-------++-------
Melee: Trident           |   123 |   254 |   336 ||   713
       Tailslap          |    14 |    33 |    38 ||    85
       Headbutt          |       |       |    10 ||    10
Throw: Stone             |     1 |     2 |     8 ||    11
 Abil: Breathe Acid      |       |       |     9 ||     9
Evoke: Wand              |       |       |    16 ||    16
  Use: Scroll            |       |     8 |    11 ||    19
       Potion            |       |     1 |     4 ||     5
 Stab: Distracted        |     1 |       |       ||     1
       Confused          |       |       |     2 ||     2
       Paralysed         |       |       |     1 ||     1
       Invisible         |       |       |     3 ||     3
       Sleeping          |       |       |     1 ||     1
  Eat: Chunk             |       |     7 |     8 ||    15
       Ration            |       |       |     1 ||     1
Armor: Skin              |    24 |    44 |    59 ||   127
Dodge: Dodged            |    37 |    98 |   117 ||   252
Block: Shield            |    44 |   112 |    92 ||   248

Levels and vault maps discovered:
D:1:      shiori_arrival_maze, layout_rooms
D:2:      layout_loops_ring, first_ration
D:3:      layout_rooms, lemuel_coloured_pillars_altar, lemuel_round_altar,
          lightli_temple_of_fire, cheibrodos_gnoll_hut, uniq_terence
D:4:      layout_basic, led_sif_book, grunt_gozag_breadcrumbs, serial_undead,
          serial_undead_a, serial_undead_c, serial_undead_f, serial_undead_a,
          uniq_pikel
D:5:      gammafunk_wand_slinger, layout_gridville,
          nicolae_ru_great_annihilating_truth, minmay_temple_entry_stoned_glass,
          basic_altar, uniq_crazy_yiuf_cottage, uniq_blork_the_orc
D:6:      layout_gridville, kennysheep_slug_shrine, elyvilon_altar_5,
          marbit_many_paths, basic_altar,
          nicolae_dithmenos_through_a_glass_darkly
D:7:      layout_rooms, serial_shops, nicolae_shop_statue_plus, shop, shop,
          uniq_harold
Temple:   jpeg_temple_island

Table legend:
 A = Turns spent in this place as a percentage of turns spent in the entire game.
 B = Non-inter-level travel turns spent in this place as a percentage of non-inter-level travel turns spent in the entire game.
 C = Inter-level travel turns spent in this place as a percentage of turns spent in this place.
 D = Turns resting spent in this place as a percentage of non-inter-level travel turns spent in this place.
 E = Turns spent auto-exploring this place as a percentage of non-inter-level travel turns spent in this place.
 F = Non-inter-level travel turns spent in this place divided by the number of levels of this place that you've seen.
                   A       B       C       D       E      F
               +-------+-------+-------+-------+-------+----------------------
         Total | 100.0 | 100.0 |   3.4 |  14.9 |  55.7 | 709.0
       Dungeon |  98.7 |  99.2 |   2.9 |  15.0 |  55.7 | 804.0
        Temple |   1.3 |   0.8 |  42.1 |   0.0 |  63.6 |  44.0
               +-------+-------+-------+-------+-------+----------------------

Table legend:
 A = Kills in this place as a percentage of kills in entire the game.
 B = Kills by you in this place as a percentage of kills by you in the entire game.
 C = Kills by friends in this place as a percentage of kills by friends in the entire game.
 D = Other kills in this place as a percentage of other kills in the entire game.
 E = Experience gained in this place as a percentage of experience gained in the entire game.
 F = Experience gained in this place divided by the number of levels of this place that you have seen.
                   A       B       C       D       E      F
               +-------+-------+-------+-------+-------+----------------------
         Total | 100.0 | 100.0 |   N/A |   N/A | 100.0 | 508.5
       Dungeon | 100.0 | 100.0 |   N/A |   N/A | 100.0 | 581.1
               +-------+-------+-------+-------+-------+----------------------
